 Dungeon Crawl Stone Soup version 0.21-a0-153-g78480df (webtiles) character file.

319 terra52 the Shield-Bearer (level 6, -1/48 HPs)
             Began as a Formicid Fighter on July 31, 2017.
             Slain by an iguana (11 damage)
             ... on level 4 of the Dungeon.
             The game lasted 00:06:09 (2757 turns).

terra52 the Shield-Bearer (Formicid Fighter)        Turns: 2757, Time: 00:06:10

Health: -1/48      AC:  9    Str: 22    XL:     6   Next: 74%
Magic:  6/6        EV:  9    Int: 10    God:
Gold:   201        SH: 10    Dex: 10    Spells: 5/5 levels left

rFire    . . .     SeeInvis +   a - +1 war axe
rCold    . . .     Gourm    .   c - +0 shield
rNeg     . . .     Faith    .   b - +0 scale mail
rPois    .         Spirit   .   (helmet unavailable)
rElec    .         Reflect  .   t - +0 cloak
rCorr    .         Harm     .   k - +0 pair of gloves
MR       .....     Clarity  +   (no boots)
Stlth    ..........             (no amulet)
HPRegen  0.16/turn              r - +1 ring of evasion
MPRegen  0.10/turn              (no ring)

@: no status effects
A: permanent stasis, dig shafts and tunnels, four strong arms, antennae 3,
clarity, clever 1
a: Dig, Shaft Self


You were on level 4 of the Dungeon.
You were not hungry.

You visited 1 branch of the dungeon, and saw 4 of its levels.
You also visited: Sewer.

You collected 201 gold pieces.

Inventory:

Hand Weapons
 a - a +1 war axe (weapon)
Missiles
 p - 26 bolts
Armour
 b - a +0 scale mail (worn)
 c - a +0 shield (worn)
 k - a +0 pair of gloves (worn)
 t - a +0 cloak (worn)
Jewellery
 r - a +1 ring of evasion (left hand)
Wands
 w - a wand of clouds (6/9)
Scrolls
 h - 2 scrolls of remove curse
 s - a scroll of noise {unknown}
 v - a scroll of blinking {unknown}
 x - a scroll of amnesia
Potions
 d - a potion of might
 e - a potion of agility {unknown}
 j - 4 potions of flight
 l - a potion of haste {unknown}
 m - 2 potions of heal wounds {unknown}
 n - a potion of mutation
 o - 4 potions of curing {unknown}
 q - a potion of cancellation {unknown}
Comestibles
 f - 4 bread rations
 g - 2 meat rations
 i - 3 royal jellies
 u - 6 chunks of flesh


   Skills:
 + Level 4.1 Fighting
 + Level 4.4 Axes
 + Level 4.3 Armour
 + Level 0.8 Dodging
 + Level 5.1 Shields


You had 5 spell levels left.
You didn't know any spells.

Dungeon Overview and Level Annotations

Branches:
Dungeon (4/15)
 Temple: D:4-7

Altars:
Nemelex Xobeh


Innate Abilities, Weirdness & Mutations

You cannot be hasted, slowed, berserked, paralysed or teleported.
You can dig through walls and to a lower floor.
Your four strong arms can wield two-handed weapons with a shield.
You have a pair of large antennae on your head. (SInv)
You possess an exceptional clarity of mind.
Your mind is acute. (Int +2)


Message History

The iguana bites you but does no damage.
The iguana barely misses you. The iguana barely misses you.
The iguana closely misses you.
The iguana hisses menacingly.
The iguana bites you but does no damage.
You block the iguana's attack. The iguana barely misses you.
You block the iguana's attack. The iguana barely misses you.
The iguana completely misses you. You block the iguana's attack.
You block the iguana's attack. The iguana bites you.
* * * LOW HITPOINT WARNING * * *
You block the iguana's attack. You block the iguana's attack.
The iguana hisses menacingly.
The iguana bites you!
You die...

######.##..#
###.###
#......##..#####.#
#.####...........#
#.# #.###########
#.# #.#.# ####.#
#.#.## #....#
#.#.. #.#### #.#l#
#.# #####.#@# #.#
#.......# #.#
#.###.### #.# #.#
#.# #.###.# #.#
#.....# #.#
####### #.# ..#
###


You could see an iguana.

Vanquished Creatures
  A big kobold (Sewer)
  2 orc priests (D:4)
  5 river rats
  4 adders
  An ooze (D:1)
  5 worms (D:2)
  3 dart slugs
  5 leopard geckos
  3 orcs (D:4)
  7 bats
  5 giant cockroaches
  9 goblins
  6 hobgoblins
  4 jackals
  A quokka (D:2)
  5 ball pythons
  3 frilled lizards
  8 kobolds
  A quokka skeleton (D:4)
  13 rats
91 creatures vanquished.

Notes
Turn   | Place    | Note
-------+----------+-------------------------------------------
     0 | D:1      | terra52 the Formicid Fighter began the quest for the Orb.
     0 | D:1      | Reached XP level 1. HP: 18/18 MP: 1/1
    56 | D:1      | Reached XP level 2. HP: 23/24 MP: 2/2
   298 | D:1      | Reached XP level 3. HP: 29/29 MP: 3/3
   463 | D:1      | Reached skill level 4 in Shields
   913 | D:2      | Reached XP level 4. HP: 26/35 MP: 4/4
  1477 | D:2      | Reached XP level 5. HP: 41/41 MP: 5/5
  1747 | D:3      | Gained mutation: Your mind is acute. (Int +2) [potion of mutation]
  1747 | D:3      | Gained mutation: You possess an exceptional clarity of mind. [potion of mutation]
  1815 | D:3      | Found a sparkling altar of Nemelex Xobeh.
  1922 | D:3      | Found a glowing drain.
  2041 | Sewer    | Entered a sewer
  2117 | Sewer    | Noticed a big kobold
  2125 | Sewer    | Killed a big kobold
  2125 | Sewer    | Reached XP level 6. HP: 41/48 MP: 6/6
  2144 | Sewer    | Found a glowing silver altar of Zin.
  2625 | D:4      | Reached skill level 5 in Shields
  2757 | D:4      | Slain by an iguana

Vault maps used:
D:1:      dpeg_arrival_ratfight
D:2:      first_bread
D:3:      lemuel_round_altar, portal_sewer_entry_a
D:4:      cheibrodos_helix_gallery, uniq_blork_the_orc
Sewer:    sewer_kobolds

Skill      XL: |  1  2  3  4  5  6 |
---------------+-------------------+-----
Shields        | 4 5 |  5.1
Axes           | 3 4 |  4.4
Armour         | 4 |  4.3
Fighting       | 4 |  4.1
Dodging        | |  0.8

Action                   |  1- 3 |  4- 6 || total
-------------------------+-------+-------++-------
Melee: War axe           |   100 |   157 ||   257
 Abil: Dig               |       |     3 ||     3
  Use: Scroll            |       |     6 ||     6
       Potion            |       |     1 ||     1
  Eat: Chunk             |       |     7 ||     7
Armor: Scale mail        |    53 |    70 ||   123
Dodge: Dodged            |    38 |    65 ||   103
Block: Shield            |    46 |    92 ||   138
